 Dungeon Crawl Stone Soup version 0.27-a0-406-g23f261fbd2 (webtiles) character file.

Game seed: 15621545653667310706

563206 greynaab the Severer (level 27, -14/218 HPs)
             Began as a Human Berserker on Feb 19, 2021.
             Was a High Priest of Trog.
             Demolished by a death cob (15 damage)
             ... on level 1 of the Realm of Zot on Feb 22, 2021.
             The game lasted 04:52:21 (61624 turns).

greynaab the Severer (Human Berserker)             Turns: 61624, Time: 04:52:21

Health: -14/218    AC: 26    Str: 22    XL:     27
Magic:  7/7        EV: 13    Int:  6    God:    Trog [*****.]
Gold:   3887       SH: 15    Dex: 21    Spells: 26/26 levels left

rFire    + . .     SeeInvis .   s - +9 broad axe (antimagic)
rCold    + . .     Faith    .   l - +1 buckler "Xoecebb" {Rampage Will+ Regen+ rCorr}
rNeg     . . .     Spirit   .   X - +0 crystal plate armour
rPois    +         Reflect  +   V - +0 hat of Ennui {rElec rPois rCorr}
rElec    +         Harm     .   E - +2 cloak {rCorr}
rCorr    +         Rampage  +   R - +2 pair of gloves {archery}
Will     +++++                  u - +2 pair of boots of Joeduwni {Slay+6}
Stlth    ..........             k - amulet of Utsiem {Reflect rC+ Will++ Int-5 SH+5 Stlth+}
HPRegen  2.46/turn              J - ring of the Mage {Wiz Will++ Int+3}
MPRegen  0.10/turn              d - ring "Xaamosam" {rF+ Dex+4}

@: corroded, regenerating, slowed, constricted, studying 3 skills, very slow
A: deformed body, dopey 1, weak 1, no potion heal 1
}: 3/15 runes: barnacled, slimy, gossamer
a: Renounce Religion, Berserk, Trog's Hand, Brothers in Arms


You were on level 1 of the Realm of Zot.
You worshipped Trog.
Trog was extremely pleased with you.
You visited 11 branches of the dungeon, and saw 50 of its levels.
You visited 2 bazaars.
You also visited: Trove and Ice Cave.

You collected 6737 gold pieces.
You spent 2850 gold pieces at shops.

Inventory:

Hand Weapons
 a - a +9 vorpal broad axe
 b - a +9 vorpal hand crossbow
 s - a +9 antimagic broad axe (weapon)
 x - the +8 broad axe of Fisoomn {flame, *Corrode rPois rN+ Dex+4}
   (Trog gifted it to you on level 2 of the Elven Halls)

   It has been specially enchanted to burn those struck by it, causing extra
   injury to most foes and up to half again as much damage against particularly
   susceptible opponents.
   Big, fiery blades are also staple armaments of hydra-hunters.
   It affects your dexterity (+4).
   It protects you from poison.
   It protects you from negative energy.
   It may corrode you when you take damage.
Missiles
 v - 1793 bolts
 L - 13 throwing nets (quivered)
 S - 8 curare-tipped darts
Armour
 l - the +1 buckler "Xoecebb" (worn) {Rampage Will+ Regen+ rCorr}
   (You found it on level 3 of the Elven Halls)

   It affects your willpower, your defense against some magical effects.
   It increases your rate of regeneration.
   It provides partial protection from all sources of acid and corrosion.
   It bestows one free step when moving towards enemies.
 u - the +2 pair of boots of Joeduwni (worn) {Slay+6}
   (You found it on level 5 of the Depths)

   It affects your accuracy and damage with ranged weapons and melee attacks
   (+6).
 E - a +2 cloak of preservation (worn)
 R - a +2 pair of gloves of archery (worn)
 V - the +0 hat of Ennui (worn) {rElec rPois rCorr}
   (You found it in a treasure trove)

   It insulates you from electricity.
   It protects you from poison.
   It provides partial protection from all sources of acid and corrosion.
 X - a +0 crystal plate armour (worn)
Jewellery
 d - the ring "Xaamosam" (right hand) {rF+ Dex+4}
   (You found it on level 4 of the Shoals)

   [ring of protection from fire]

   It affects your dexterity (+4).
   It protects you from fire.
 k - the amulet of Utsiem (around neck) {Reflect rC+ Will++ Int-5 SH+5 Stlth+}
   (You found it in a treasure trove)

   [amulet of reflection]

   It shields you and reflects attacks.
   It affects your intelligence (-5).
   It protects you from cold.
   It affects your willpower, your defense against some magical effects.
   It affects your SH (+5).
   It makes you more stealthy.
 p - the ring of the Hare {EV+8}
   (You bought it in a shop in a bazaar)

   [ring of evasion]

   It affects your evasion (+8).
 J - the ring of the Mage (left hand) {Wiz Will++ Int+3}
   (You found it on level 6 of the Dungeon)

   [ring of wizardry]

   It improves your spell success rate.
   It affects your intelligence (+3).
   It affects your willpower, your defense against some magical effects.
 K - a ring of protection from cold
 M - a ring of flight
Wands
 c - a wand of polymorph (54)
 i - a wand of paralysis (25)
 q - a wand of charming (11)
 r - a wand of iceblast (14)
 t - a wand of mindburst (25)
 B - a wand of digging (29)
 G - a wand of acid (12)
Scrolls
 e - 11 scrolls of identify
 f - a scroll of enchant weapon
 h - a scroll of magic mapping
 n - 3 scrolls of immolation
 w - 23 scrolls of teleportation
 y - 4 scrolls of blinking
 C - 2 scrolls of silence
 I - 6 scrolls of fog
 O - a scroll of summoning
Potions
 o - 2 potions of cancellation
 z - 6 potions of mutation
 A - 2 potions of berserk rage
 D - a potion of ambrosia
 N - 9 potions of curing
 Q - 5 potions of lignification
 T - 7 potions of might
 Y - 2 potions of flight
Miscellaneous
 g - a phantom mirror
 F - a tin of tremorstones (1/2)
 P - a box of beasts
 U - a lightning rod (4/4)
 W - a condenser vane


   Skills:
 + Level 18.2 Fighting
 - Level 20.0 Axes
 - Level 10.0 Crossbows
 - Level 11.8 Throwing
 - Level 18.1 Armour
 - Level 18.1 Dodging
 - Level 15.0 Shields
 + Level 18.5 Evocations


You had 26 spell levels left.
You didn't know any spells.
Your spell library was empty.

Dungeon Overview and Level Annotations

Branches:
Dungeon (15/15)            Temple (0/1) D:6            Lair (6/6) D:9
 Shoals (4/4) Lair:2       Spider (4/4) Lair:4        Slime (5/5) Lair:6
    Orc (2/2) D:11            Elf (3/3) Orc:2        Vaults (4/5) D:13
  Crypt (1/3) Vaults:2     Depths (5/5) D:15            Zot (1/5) Depths:5
  IceCv (visited)

Altars:
Ashenzari
Cheibriados
Gozag
Kikubaaqudgha
Makhleb
Qazlal
Sif Muna
Trog
Vehumet
Xom
Yredelemnul
Zin
Beogh
Jiyva

Shops:
Orc:2 [???   Elf:2 =:=   Vaults:1 [   Vaults:4 *[   Depths:2 *

Portals:
Hell: Depths:1 Depths:2 Depths:3 Depths:4 Depths:5
Abyss: Depths:3 Depths:4
Pandemonium: Depths:3
Ziggurat: Depths:5

Annotations:
D:14 3 runed translucent doors
Lair:1 2 exclusions
Spider:2 1 runed translucent door, Jotoc's ghost, adept TrBe
Elf:2 3 runed translucent doors
Crypt:1 Aizul
Depths:4 2 transporters, Jeuludiu's ghost, adept NaFi
Zot:1 2 transporters


Innate Abilities, Weirdness & Mutations

Armour fits poorly on your strangely shaped body.
You are dopey. (Int -2)
You are weak. (Str -2)
Potions are less effective at restoring your health.


Message History

Unknown command.
Unknown command.
You escape the tentacled monstrosity's grasp.
Unknown command.
Your skin crawls.
You feel strong-willed. You block the death cob's attack.
Unknown command.
Aiming: Paralyse
Press: ? - help, Shift-Dir - straight line, f - death cob
Aim: a death cob (chance to affect: 68%)
The death cob struggles to resist.
You block the death cob's attack. The death cob hits you!
* * * LOW HITPOINT WARNING * * *
The tentacled monstrosity barely misses you.
The tentacled monstrosity tentacle-slaps you.
* * * LOW HITPOINT WARNING * * *
The tentacled monstrosity closely misses you.
The tentacled monstrosity grabs you.
* * * LOW HITPOINT WARNING * * *
The tentacled monstrosity constricts you.
The death cob hits you!!
* * * LOW HITPOINT WARNING * * *
The death cob drains your vigour!
You feel yourself slow down.
Unknown command.
Unknown command.
Blink to where?
Press: ? - help, Dir - move target, p - death cob The tentacled monstrosity's grasp on you weakens, but your attempt to escape fails.
As you read the scroll of blinking, it crumbles to dust.
You block the death cob's attack.
The death cob hits you but does no damage.
You block the tentacled monstrosity's attack.
The tentacled monstrosity tentacle-slaps you!
* * * LOW HITPOINT WARNING * * *
You block the tentacled monstrosity's attack.
* * * LOW HITPOINT WARNING * * *
The tentacled monstrosity constricts you.
The death cob hits you!
You die...

## ###
########.## ...
..>......# ..#
........
#.##.....# #
..####.#....##.#
.. ........z@#
.#.# ..
....#.X###...#
#. .#
###))....##.
###⌠ # .#
#dd....... (...
.#..# ##).#..#.
##.. #....#.
#..## ..#
#...#.......
....# . .##..#
#.#...#
.##..........
.....


You could see a tentacled monstrosity and a death cob.

Vanquished Creatures
  the Royal Jelly (Slime:5)
  Mara (Depths:2)
  A juggernaut (Depths:3)
  Saint Roka (Vaults:2)
  Xtahua (Depths:5)
  Nikola (Shoals:2)
  2 golden dragons
  Jorgrun (Orc:2)
  5 liches
  A titan (Depths:4)
  5 quicksilver dragons
  2 deep elf blademasters (Elf:3)
  Polyphemus (Shoals:3)
  5 sphinxes
  2 deep elf master archers
  11 acid blobs
  Kirke (D:15)
  5 storm dragons
  2 shadow dragons
  5 fire giants
  A draconian monk (Zot:1)
  Donald (Shoals:2)
  5 tengu reavers
  12 azure jellies
  7 frost giants
  A draconian scorcher (Depths:5)
  Louise (Elf:1)
  3 iron dragons
  4 ghost moths (Spider:4)
  4 emperor scorpions (Spider:4)
  A balrug (Depths:5)
  9 deep elf sorcerers
  5 vault wardens
  An orc warlord (Orc:2)
  11 ironheart preservers
  5 deep elf elementalists
  A draconian annihilator (Depths:4)
  21 very ugly things
  5 spriggan defenders
  A draconian shifter (Zot:1)
  23 stone giants
  A green draconian (Zot:1)
  9 deep elf demonologists
  12 deep elf annihilators
  3 vampire knights
  2 black draconians (Zot:1)
  2 white draconians
  A purple draconian (Zot:1)
  2 yellow draconians (Depths:4)
  14 spark wasps
  An entropy weaver (Vaults:4)
  6 ettins
  12 deep elf death magi
  3 death oozes (Slime:5)
  2 merfolk javelineers
  7 merfolk impalers
  9 ice dragons
  3 deep elf high priests
  5 jiangshi
  8 great orbs of eyes
  14 fire dragons
  10 yaktaur captains
  13 hydras
  16 ogre magi
  7 spriggan air magi
  8 boulder beetles
  3 rakshasas
  5 merfolk avatars
  2 catoblepae
  2 death knights
  18 centaur warriors
  2 alligator snapping turtles
  16 vault guards
  An alligator (Lair:6)
  19 dancing weapons
  40 two-headed ogres
  6 vampire magi
  6 tengu warriors
  2 merfolk aquamancers
  12 death yaks
  5 satyrs
  9 deep troll earth magi (Depths:1)
  3 deep troll shamans (Depths:1)
  5 orc high priests
  Urug (D:10)
  2 spriggan berserkers
  Nergalle (Lair:3)
  10 hell knights
  27 deep elf knights
  A fire crab (shapeshifter) (Vaults:4)
  2 sun demons (Depths:5)
  5 skeletal warriors
  A fire crab (Lair:6)
  2 shadow wraiths
  A deep troll (shapeshifter) (Vaults:1)
  An unseen horror (D:14)
  23 deep trolls
  9 sea snakes
  An orange crystal statue (Depths:3)
  2 glowing orange brains
  8 orc knights
  2 flayed ghosts
  39 harpies
  28 deep elf archers
  7 ironbrand convokers
  5 necromancers
  2 phantasmal warriors
  46 deep elf zephyrmancers
  3 wizards
  27 orb spiders
  33 fauns
  38 deep elf pyromancers
  41 wolf spiders
  7 orc sorcerers
  43 ugly things
  25 cyclopes
  A moth of wrath (shapeshifter) (Depths:5)
  A cyclops (shapeshifter) (Depths:1)
  A salamander (Depths:2)
  8 shining eyes
  A stone giant zombie (Depths:1)
  A centaur zombie (D:11)
  14 manticores
  4 moths of wrath
  5 merfolk sirens
  An ice statue (IceCv)
  18 elephants
  A rust devil (Depths:4)
  8 water nymphs
  2 black mambas
  10 vault sentinels
  2 eyes of devastation
  A smoke demon (Depths:2)
  4 molten gargoyles (D:14)
  24 cane toads
  2 gargoyles (D:14)
  7 komodo dragons
  A kobold demonologist (Elf:1)
  5 torpor snails
  A rime drake (Lair:3)
  A guardian mummy (Depths:1)
  3 tengu conjurers
  57 yaktaurs
  9 freezing wraiths
  10 demonic crawlers
  4 red devils (Depths:2)
  A jumping spider (shapeshifter) (Vaults:1)
  37 jumping spiders
  16 polar bears
  9 trolls
  A queen bee (shapeshifter) (Depths:2)
  A meliai (shapeshifter) (Vaults:4)
  A wind drake (Shoals:3)
  33 merfolk
  3 raiju (Lair:6)
  A harpy skeleton (D:15)
  16 dream sheep
  7 hornets
  6 blink frogs
  A meliai zombie (D:14)
  95 slime creatures
  7 snapping turtles
  A deep troll skeleton (Depths:1)
  A shadow (D:14)
  57 redbacks
  A spriggan (Depths:3)
  35 tarantellas
  9 wyverns
  16 water elementals
  7 wraiths
  6 fire elementals
  55 yaks
  2 vampires (D:13)
  4 basilisks
  3 hogs (D:15)
  A death yak simulacrum (IceCv)
  2 vampire mosquitoes (D:15)
  17 wargs
  21 hell hounds
  4 acid dragons
  19 water moccasins
  A soldier ant (D:11)
  A floating eye (shapeshifter) (Vaults:1)
  4 eyes of draining
  21 ice beasts
  49 orc warriors
  4 sky beasts
  A boulder beetle simulacrum (Vaults:3)
  An eye of draining (shapeshifter) (Vaults:4)
  A necrophage (D:8)
  11 boggarts
  47 ogres
  12 black bears
  18 wolves
  26 centaurs
  Blork the orc (D:6)
  3 kobold brigands
  3 phantoms
  23 bullfrogs
  3 earth elementals
  A glowing shapeshifter simulacrum (Depths:1)
  6 scorpions
  A swamp dragon simulacrum (IceCv)
  9 killer bees
  11 wights
  4 electric eels
  3 howler monkeys
  3 crimson imps (Depths:2)
  A lava snake (D:14)
  4 quasits
  4 draconian simulacra (IceCv)
  2 bullfrog skeletons
  8 hounds
  12 jellies
  A gnoll shaman (D:6)
  39 orc priests
  3 centaur skeletons
  2 iguanas
  Ijyb (D:5)
  Natasha (twice) (D:2)
  28 orc wizards
  4 hell rats (Lair:6)
  A polar bear simulacrum (IceCv)
  2 spriggan simulacra (IceCv)
  12 worker ants
  A wolf simulacrum (IceCv)
  4 troll simulacra (IceCv)
  2 centaur simulacra (IceCv)
  3 hound zombies
  19 adders
  14 gnolls
  4 naga simulacra (IceCv)
  An ogre simulacrum (IceCv)
  2 shadow imps
  14 white imps
  2 ufetubi
  2 oozes
  3 dart slugs
  7 leopard geckos
  115 orcs
  4 giant cockroaches
  11 goblins
  13 hobgoblins
  8 jackals
  3 quokkas
  2 ball pythons
  9 bats
  3 frilled lizards
  A giant cockroach zombie (D:5)
  21 kobolds
  A quokka skeleton (D:7)
  8 rats
2319 creatures vanquished.

Vanquished Creatures (collateral kills)
  Mennas (Depths:5)
  Sojobo (Depths:1)
  the Enchantress (Depths:3)
  A deep elf master archer (Elf:3)
  A titan (Depths:2)
  A quicksilver dragon (Depths:3)
  2 acid blobs (Slime:5)
  2 tengu reavers (Depths:1)
  A draconian monk (Zot:1)
  A draconian shifter (Zot:1)
  A draconian annihilator (Zot:1)
  A spriggan defender (Depths:3)
  2 stone giants
  A deep elf annihilator (Elf:3)
  A red draconian (Zot:1)
  Snorg (D:12)
  A dire elephant (Lair:6)
  A merfolk javelineer (Shoals:4)
  An ettin (Orc:1)
  Josephine (D:10)
  A yaktaur captain (Depths:5)
  A merfolk impaler (Shoals:1)
  A spriggan air mage (Depths:3)
  2 hydras
  A catoblepas (Lair:6)
  A spriggan berserker (Depths:3)
  Sonja (D:10)
  2 deep trolls (Depths:1)
  An ugly thing (D:12)
  A manticore (Shoals:4)
  6 elephants (Lair:6)
  Joseph (D:10)
  2 cane toads (Lair:6)
  A yaktaur (Depths:5)
  4 freezing wraiths (IceCv)
  4 merfolk
  A troll (D:12)
  A polar bear (Lair:6)
  A wind drake (Shoals:4)
  A redback (Spider:4)
  A spriggan (Depths:3)
  A tarantella (Spider:4)
  3 wraiths (D:10)
  2 wyverns
  An ice beast (IceCv)
  An ogre (D:14)
  4 killer bees (D:12)
  2 draconian simulacra (IceCv)
  An orc priest (Orc:1)
  2 orc wizards (Orc:1)
  A hell rat (Lair:6)
  A centaur simulacrum (IceCv)
  2 white imps (IceCv)
  2 orcs (Orc:1)
81 creatures vanquished.

Vanquished Creatures (others)
  A draconian knight (Zot:1)
  An ironheart preserver (Vaults:4)
  An ice dragon (Depths:1)
  An ogre mage (Vaults:1)
  3 deep elf knights
  A sea snake (Shoals:3)
  A deep elf archer (Vaults:3)
  A wizard (Vaults:3)
  3 deep elf pyromancers
  A deep elf zephyrmancer (Elf:1)
  A wolf spider (Spider:4)
  A black mamba (Lair:6)
  A merfolk (Shoals:4)
  A jumping spider (Spider:1)
  2 tarantellas (Spider:4)
  2 water elementals
  A boggart (Elf:1)
  An orc wizard (Elf:2)
  An orc (Elf:2)
  56 fungi
  283 plants
364 creatures vanquished.

Grand Total: 2764 creatures vanquished

Notes
Turn   | Place    | Note
-------+----------+-------------------------------------------
     0 | D:1      | greynaab the Human Berserker began the quest for the Orb.
     0 | D:1      | Reached XP level 1. HP: 18/18 MP: 1/1
   120 | D:1      | Reached XP level 2. HP: 24/24 MP: 2/2
   495 | D:1      | Reached skill level 4 in Axes
   495 | D:1      | Reached XP level 3. HP: 29/29 MP: 3/3
   736 | D:1      | Found a snail-covered altar of Cheibriados.
   837 | D:1      | Reached ** piety under Trog
  1013 | D:2      | Reached XP level 4. HP: 33/35 MP: 4/4
  1194 | D:2      | Noticed Natasha
  1202 | D:2      | Killed Natasha
  1203 | D:2      | Reached skill level 5 in Axes
  1480 | D:2      | Found a shimmering blue altar of Sif Muna.
  1618 | D:2      | Found a radiant altar of Vehumet.
  1619 | D:2      | Found an opulent altar of Gozag.
  1619 | D:2      | Found an ancient bone altar of Kikubaaqudgha.
  1687 | D:2      | Reached XP level 5. HP: 40/41 MP: 5/5
  1782 | D:2      | Noticed Natasha
  1810 | D:2      | Killed Natasha
  1864 | D:2      | Reached skill level 6 in Axes
  2141 | D:3      | Reached XP level 6. HP: 38/47 MP: 6/6
  2273 | D:3      | Reached *** piety under Trog
  2618 | D:3      | Found a broken altar of Ashenzari.
  2799 | D:4      | Found a stormy altar of Qazlal.
  2809 | D:4      | Reached skill level 7 in Axes
  2946 | D:4      | You fall into a shaft and drop 1 floor!
  2946 | D:5      | Entered Level 5 of the Dungeon
  3252 | D:4      | Reached XP level 7. HP: 35/52 MP: 7/7
  3545 | D:4      | Reached skill level 8 in Axes
  4040 | D:5      | Noticed Ijyb
  4051 | D:5      | Killed Ijyb
  4618 | D:6      | You fall into a shaft and drop 1 floor!
  4635 | D:7      | Reached XP level 8. HP: 58/58 MP: 8/8
  4637 | D:7      | Reached skill level 9 in Axes
  4751 | D:7      | Reached **** piety under Trog
  5061 | D:7      | Reached skill level 10 in Axes
  5194 | D:7      | Found a glowing silver altar of Zin.
  5206 | D:7      | Found a bloodstained altar of Trog.
  5337 | D:6      | Found the ring of the Mage {Wiz Will++ Int+3}
  5391 | D:6      | Found a staircase to the Ecumenical Temple.
  5654 | D:6      | Reached XP level 9. HP: 50/63 MP: 9/9
  5730 | D:6      | Noticed Blork the orc
  5741 | D:6      | Killed Blork the orc
  5927 | D:6      | Reached skill level 11 in Axes
  6142 | D:8      | Found a basalt altar of Yredelemnul.
  6421 | D:8      | Reached skill level 12 in Axes
  6958 | D:8      | Reached XP level 10. HP: 68/70 MP: 10/10
  7097 | D:9      | Reached skill level 13 in Axes
  7293 | D:10     | Entered Level 10 of the Dungeon
  7302 | D:9      | Reached ***** piety under Trog
  7575 | D:10     | Reached skill level 14 in Axes
  7801 | D:10     | Noticed Joseph
  7808 | D:10     | Killed Joseph
  7844 | D:10     | Noticed Josephine
  7863 | D:10     | Killed Josephine
  8021 | D:10     | Reached skill level 15 in Axes
  8055 | D:10     | Noticed Urug
  8063 | D:10     | Reached XP level 11. HP: 70/75 MP: 11/11
  8070 | D:10     | Killed Urug
  8192 | D:10     | Noticed Sonja
  8201 | D:10     | Killed Sonja
  8564 | D:11     | Noticed a two-headed ogre
  8581 | D:11     | Killed a two-headed ogre
  8582 | D:11     | Reached skill level 16 in Axes
  8620 | D:11     | Found a shimmering altar of Xom.
  8769 | D:11     | Noticed a red ugly thing
  8777 | D:11     | Killed a red ugly thing
  8846 | D:11     | Noticed a purple ugly thing
  8853 | D:11     | Killed a purple ugly thing
  9090 | D:11     | Found a staircase to the Orcish Mines.
  9145 | D:11     | You fall into a shaft and drop 3 floors!
  9146 | D:14     | Noticed a centaur warrior
  9160 | D:14     | Killed a centaur warrior
  9170 | D:14     | Reached skill level 17 in Axes
  9219 | D:14     | Reached XP level 12. HP: 80/81 MP: 12/12
  9432 | D:14     | Noticed a centaur warrior
  9440 | D:14     | Killed a centaur warrior
  9523 | D:13     | Reached skill level 18 in Axes
  9558 | D:13     | Found a frozen archway.
  9580 | IceCv    | Entered an ice cave
  9978 | IceCv    | Found an ancient bone altar of Kikubaaqudgha.
 10143 | IceCv    | Reached skill level 19 in Axes
 10143 | IceCv    | Reached XP level 13. HP: 60/86 MP: 13/13
 10476 | D:13     | Noticed a vault guard
 10476 | D:13     | Noticed a vault guard
 10476 | D:13     | Noticed a vault guard
 10503 | D:13     | Noticed a vault guard
 10509 | D:13     | Killed a vault guard
 10524 | D:13     | Killed a vault guard
 10529 | D:13     | Killed a vault guard
 10539 | D:13     | Killed a vault guard
 10556 | D:13     | Noticed a vault guard
 10573 | D:13     | Killed a vault guard
 10719 | D:12     | Reached skill level 1 in Throwing
 10721 | D:12     | Received a gift from Trog
 10721 | D:12     | Noticed Snorg
 10728 | D:12     | Killed Snorg
 11501 | D:11     | Reached skill level 1 in Shields
 11633 | D:9      | Found a staircase to the Lair.
 11713 | Lair:1   | Entered Level 1 of the Lair of Beasts
 11736 | Lair:1   | Noticed a five-headed hydra
 11747 | Lair:1   | Killed a one-headed hydra
 12112 | Lair:1   | Reached XP level 14. HP: 83/96 MP: 4/14
 12666 | Lair:1   | Reached skill level 1 in Evocations
 13039 | Lair:2   | Reached skill level 5 in Fighting
 13039 | Lair:2   | Reached skill level 20 in Axes
 13306 | Lair:2   | Found a staircase to the Shoals.
 13767 | Lair:3   | Reached skill level 5 in Armour
 13767 | Lair:3   | Reached skill level 5 in Dodging
 13962 | Lair:3   | Reached skill level 5 in Throwing
 14059 | Lair:3   | Reached skill level 5 in Shields
 14088 | Lair:3   | Noticed Nergalle
 14106 | Lair:3   | Killed Nergalle
 14787 | Lair:4   | Received a gift from Trog
 14940 | Lair:4   | Reached skill level 5 in Evocations
 15038 | Lair:4   | Reached XP level 15. HP: 60/103 MP: 5/15
 15353 | Lair:4   | Found a hole to the Spider Nest.
 16353 | Lair:5   | Received a gift from Trog
 16554 | Lair:5   | You fall into a shaft and drop 1 floor!
 16554 | Lair:6   | Entered Level 6 of the Lair of Beasts
 17068 | Lair:6   | Found a staircase to the Slime Pits.
 17475 | Lair:6   | Received a gift from Trog
 17511 | Lair:6   | Got a pair of brightly glowing gloves
 17522 | Lair:6   | Identified the +0 pair of gloves of Gehenna {Str+4} (You
                  | found it on level 6 of the Lair of Beasts)
 17981 | Lair:6   | Reached XP level 16. HP: 104/109 MP: 5/16
 18498 | Orc:1    | Entered Level 1 of the Orcish Mines
 18801 | Orc:1    | Found a burning altar of Makhleb.
 18861 | Orc:2    | Entered Level 2 of the Orcish Mines
 18869 | Orc:2    | Noticed Jorgrun
 18895 | Orc:2    | Killed Jorgrun
 19238 | Orc:1    | Reached ****** piety under Trog
 19241 | Orc:1    | Found a roughly hewn altar of Beogh.
 19549 | Orc:2    | Found a roughly hewn altar of Beogh.
 19624 | Orc:2    | Reached skill level 10 in Throwing
 19661 | Orc:2    | Found Himy Cot's Armour Boutique.
 19701 | Orc:2    | Found Sadghiamp's Magic Scroll Shop.
 20051 | Orc:2    | Received a gift from Trog
 20052 | Orc:2    | Reached skill level 10 in Shields
 20167 | Orc:2    | Found a staircase to the Elven Halls.
 20314 | Orc:2    | Reached skill level 10 in Evocations
 20434 | Orc:2    | Found a roughly hewn altar of Beogh.
 20520 | Orc:2    | Found Nathrac's Magic Scroll Shop.
 20545 | Orc:2    | Found Mekuz's Magic Scroll Shoppe.
 20846 | Orc:2    | Bought a scroll of identify for 26 gold pieces
 20846 | Orc:2    | Bought a scroll of identify for 26 gold pieces
 20846 | Orc:2    | Bought a scroll of magic mapping for 45 gold pieces
 20966 | Orc:2    | Bought a scroll of blinking for 82 gold pieces
 21291 | Spider:1 | Entered Level 1 of the Spider Nest
 21570 | Spider:1 | Received a gift from Trog
 22074 | Spider:1 | Reached XP level 17. HP: 113/115 MP: 5/17
 22859 | Spider:2 | Found a runed translucent door.
 22864 | Spider:2 | Noticed Jotoc's ghost (adept TrBe)
 23474 | Spider:3 | Received a gift from Trog
 24384 | Spider:4 | Entered Level 4 of the Spider Nest
 24756 | Spider:4 | Reached skill level 15 in Shields
 24982 | Spider:4 | Received a gift from Trog
 25286 | Spider:4 | Reached XP level 18. HP: 123/123 MP: 6/18
 26140 | Spider:4 | Got a gossamer rune of Zot
 26388 | Shoals:1 | Entered Level 1 of the Shoals
 26476 | Shoals:1 | Found a flickering gateway to a bazaar.
 26502 | Shoals:1 | Received a gift from Trog
 26516 | Bazaar   | Entered a bazaar
 26516 | Bazaar   | Found Zucked's General Store.
 26516 | Bazaar   | Found Tupn's General Store.
 26516 | Bazaar   | Found Waurghote's Jewellery Boutique.
 26526 | Bazaar   | Bought the ring of the Hare {EV+8} for 1536 gold pieces
 26526 | Bazaar   | Found the ring of the Hare {EV+8}
 26526 | Bazaar   | Bought the ring "Cofan" {rF+ Dex+3} for 459 gold pieces
 26530 | Bazaar   | Bought a potion of invisibility for 56 gold pieces
 26530 | Bazaar   | Bought a potion of flight for 21 gold pieces
 27935 | D:9      | Upgraded the game from 0.27-a0-385-g3208abaabc to
                  | 0.27-a0-394-g49c82dfaf2
 28728 | D:13     | Received a gift from Trog
 28782 | D:13     | Found a gate to the Vaults.
 28847 | D:13     | Reached XP level 19. HP: 140/140 MP: 6/19
 29237 | D:14     | Found a runed translucent door.
 29238 | D:14     | Found a runed translucent door.
 29240 | D:14     | Found a runed translucent door.
 29417 | D:14     | Reached skill level 10 in Fighting
 29473 | D:14     | Identified the +0 chain mail "Goapto" {Rampage rPois Dex-5}
                  | (You found it on level 14 of the Dungeon)
 29940 | D:15     | Entered Level 15 of the Dungeon
 30107 | D:15     | Noticed Kirke
 30125 | D:15     | Killed Kirke
 30376 | D:15     | Found a flickering gateway to a bazaar.
 30401 | Bazaar   | Entered a bazaar
 30401 | Bazaar   | Found Jaelohuz's Antique Armour Shop.
 30413 | Bazaar   | Found Paidadgh's Distillery.
 30439 | Bazaar   | Found Zoulleh's Antique Weapon Shop.
 30460 | Bazaar   | Bought a runed hat for 133 gold pieces
 30506 | Bazaar   | Bought a glowing hand crossbow for 175 gold pieces
 30531 | Bazaar   | Bought a potion of might for 36 gold pieces
 30531 | Bazaar   | Bought a potion of might for 36 gold pieces
 30531 | Bazaar   | Bought a potion of heal wounds for 45 gold pieces
 30531 | Bazaar   | Bought a potion of heal wounds for 45 gold pieces
 31905 | Vaults:1 | Entered Level 1 of the Vaults
 31906 | Vaults:1 | Upgraded the game from 0.27-a0-394-g49c82dfaf2 to
                  | 0.27-a0-401-gea03ee85fd
 31945 | Vaults:1 | Reached skill level 1 in Crossbows
 32004 | Vaults:1 | Found Zairerur's Antique Armour Shoppe.
 32113 | Vaults:1 | Received a gift from Trog
 32122 | Vaults:1 | Reached skill level 5 in Crossbows
 32832 | Vaults:1 | Reached XP level 20. HP: 149/149 MP: 6/20
 32875 | Vaults:1 | Identified the +1 arbalest of True Grit {penet, rF++ rN++
                  | Dex-3} (You found it on level 1 of the Vaults)
 33446 | Vaults:2 | Noticed Saint Roka
 33474 | Vaults:2 | Killed Saint Roka
 33475 | Vaults:2 | Reached skill level 10 in Crossbows
 34327 | Vaults:2 | Found a staircase to the Crypt.
 35179 | Vaults:3 | Received a gift from Trog
 35444 | Vaults:3 | Reached skill level 10 in Armour
 35444 | Vaults:3 | Reached skill level 10 in Dodging
 35831 | Vaults:3 | Reached XP level 21. HP: 154/154 MP: 7/21
 36358 | Vaults:3 | Received a gift from Trog
 36375 | Vaults:3 | Found a radiant altar of Vehumet.
 37096 | Vaults:4 | Found Zacuaq's General Store.
 37761 | Vaults:4 | Upgraded the game from 0.27-a0-401-gea03ee85fd to
                  | 0.27-a0-406-g23f261fbd2
 37889 | Vaults:4 | Received a gift from Trog
 38038 | Vaults:4 | Found Buhepiox's Armour Boutique.
 39047 | Shoals:2 | Noticed Donald
 39063 | Shoals:2 | Killed Donald
 39402 | Shoals:2 | Reached XP level 22. HP: 124/161 MP: 7/22
 39551 | Shoals:2 | Noticed Nikola
 39570 | Shoals:2 | Killed Nikola
 40509 | Shoals:3 | Received a gift from Trog
 40768 | Shoals:3 | Noticed Polyphemus
 40798 | Shoals:3 | Killed Polyphemus
 41604 | Shoals:4 | Entered Level 4 of the Shoals
 41607 | Shoals:4 | Received a gift from Trog
 42173 | Shoals:4 | Got a brightly glowing tin ring
 42867 | Shoals:4 | Got a barnacled rune of Zot
 43026 | D:9      | Identified the ring "Xaamosam" {rF+ Dex+4} (You found it on
                  | level 4 of the Shoals)
 43512 | D:15     | Found a staircase to the Depths.
 43909 | Depths:1 | Entered Level 1 of the Depths
 44141 | Depths:1 | Received a gift from Trog
 44143 | Depths:1 | Reached skill level 15 in Dodging
 44152 | Depths:1 | Reached skill level 15 in Armour
 44154 | Depths:1 | Paralysed by a vampire knight for 5 turns
 44335 | Depths:1 | Reached XP level 23. HP: 150/167 MP: 23/23
 45101 | Depths:1 | Noticed Sojobo
 45119 | Depths:1 | Killed Sojobo
 45233 | Depths:1 | Found a gateway to Hell.
 45378 | Depths:1 | Found a portal to a secret trove of treasure.
 45390 | Depths:1 | You paid a toll of 6 scrolls of fear to enter a treasure
                  | trove
 45391 | Trove    | Entered a treasure trove
 45400 | Trove    | Got a scintillating bone amulet
 45426 | Trove    | Got a brightly glowing hat
 45473 | Depths:1 | Identified the +0 hat of Ennui {rElec rPois rCorr} (You
                  | found it in a treasure trove)
 45473 | Depths:1 | Identified the amulet of Utsiem {Reflect rC+ Will++ Int-5
                  | SH+5 Stlth+} (You found it in a treasure trove)
 45714 | Elf:1    | Entered Level 1 of the Elven Halls
 45729 | Elf:1    | Received a gift from Trog
 46625 | Elf:1    | Noticed Louise
 46641 | Elf:1    | Killed Louise
 46961 | Elf:1    | Received a gift from Trog
 47648 | Elf:2    | Found a runed translucent gate.
 47660 | Elf:2    | Found a runed translucent gate.
 47662 | Elf:2    | Found a runed translucent gate.
 47809 | Elf:2    | Received a gift from Trog
 47861 | Elf:2    | Got an encrusted broad axe {god gift}
 47862 | Elf:2    | Identified the +8 broad axe of Fisoomn {flame, *Corrode
                  | rPois rN+ Dex+4} (Trog gifted it to you on level 2 of the
                  | Elven Halls)
 48099 | Elf:2    | Reached XP level 24. HP: 174/174 MP: 23/23
 48500 | Elf:2    | Found the +7 Kryia's mail coat {PotionHeal*2 rC+}
 48628 | Elf:2    | Found Ekhleteq's Jewellery Shoppe.
 48628 | Elf:2    | Found Vyan's Book Boutique.
 48629 | Elf:2    | Found Xyelal's Jewellery Shoppe.
 48655 | Elf:3    | Entered Level 3 of the Elven Halls
 49259 | Elf:3    | Got a fine buckler
 49270 | Elf:3    | Identified the +1 buckler "Xoecebb" {Rampage Will+ Regen+
                  | rCorr} (You found it on level 3 of the Elven Halls)
 49350 | Elf:3    | Received a gift from Trog
 49933 | Elf:3    | Identified the amulet of Obuastia {Acrobat rN+ Int+2}
 49964 | Elf:3    | Received a gift from Trog
 49965 | Elf:3    | Identified the ring "Irompeneta" {rPois rC+ Str+6}
 49983 | Elf:3    | Identified the +3 lajatang of the Thing {vorpal, rElec}
 50274 | Elf:3    | Identified the +11 morningstar "Xasaoniyps" {flame, rElec
                  | Int+6 Dex-4}
 50390 | Elf:3    | Found the +2 hood of the Assassin {Detection Stab+ Stlth++}
 50441 | Elf:3    | Identified Ocra's Collected Works on Fiery Confrontation
 50454 | Elf:3    | Identified Lee's Almanac of Dusty Conjuration
 51358 | Depths:2 | Received a gift from Trog
 51507 | Depths:2 | Reached XP level 25. HP: 153/182 MP: 23/23
 52017 | Depths:2 | Received a gift from Trog
 52196 | Depths:2 | Identified the ring of Gousix {Will+ Int+2 Dex+2}
 52222 | Depths:2 | Noticed Mara
 52237 | Depths:2 | Noticed greynaab's illusion
 52252 | Depths:2 | Killed Mara
 52712 | Depths:2 | Received a gift from Trog
 52945 | Depths:2 | Found Rima Ips's Assorted Antiques.
 52953 | Depths:2 | Bought a scroll of magic mapping for 129 gold pieces
 53161 | Depths:3 | Found a one-way gate to the infinite horrors of the Abyss.
 53377 | Depths:3 | Found a one-way gate leading to the halls of Pandemonium.
 53981 | Depths:3 | Reached XP level 26. HP: 109/197 MP: 23/23
 54373 | Depths:3 | Noticed a juggernaut
 54404 | Depths:3 | Killed a juggernaut
 54442 | Depths:3 | Noticed the Enchantress
 54455 | Depths:3 | Killed the Enchantress
 54463 | Depths:3 | Received a gift from Trog
 54594 | Depths:3 | Found the +8 Wrath of Trog {antimagic, *Rage}
 54898 | Depths:4 | Reached skill level 15 in Fighting
 55124 | Depths:4 | Reached skill level 15 in Evocations
 55139 | Depths:4 | Noticed Jeuludiu's ghost (adept NaFi)
 55161 | Depths:4 | Found a transporter.
 55170 | Depths:4 | Found a transporter.
 56749 | Depths:4 | Reached XP level 27. HP: 196/210 MP: 23/23
 56942 | Depths:5 | Entered Level 5 of the Depths
 56954 | Depths:5 | Noticed Mennas
 57055 | Depths:4 | Received a gift from Trog
 57409 | Depths:5 | Noticed Xtahua
 57433 | Depths:5 | Killed Xtahua
 57657 | Depths:5 | Killed Mennas
 57669 | Depths:5 | Got a pair of faintly humming boots
 57695 | Depths:4 | Identified the +2 pair of boots of Joeduwni {Slay+6} (You
                  | found it on level 5 of the Depths)
 57747 | Depths:5 | Found a gate to the Realm of Zot.
 58357 | Depths:5 | Found a gateway to a ziggurat.
 58851 | Crypt:1  | Entered Level 1 of the Crypt
 58851 | Crypt:1  | Noticed Aizul
 59220 | Slime:1  | Entered Level 1 of the Pits of Slime
 59375 | Slime:2  | Gained mutation: Armour fits poorly on your strangely
                  | shaped body. [a shining eye]
 59537 | Slime:5  | Entered Level 5 of the Pits of Slime
 59542 | Slime:5  | Gained mutation: You are weak. (Str -2) [a shining eye]
 59543 | Slime:5  | Gained mutation: Potions are less effective at restoring
                  | your health. [a shining eye]
 59551 | Slime:5  | Received a gift from Trog
 59708 | Slime:5  | Gained mutation: You are dopey. (Int -2) [a shining eye]
 59836 | Slime:5  | Noticed the Royal Jelly
 60293 | Slime:5  | Found a viscous altar of Jiyva.
 60402 | Slime:5  | Killed the Royal Jelly
 60610 | Slime:5  | Got a flickering platinum ring
 60679 | Slime:5  | Identified the ring "Firpheocu" {Fire rElec Str+5 Int+7}
                  | (You found it on level 5 of the Pits of Slime)
 60680 | Slime:5  | Identified the +1 plate armour "Plog" {Str+7} (You found it
                  | on level 5 of the Pits of Slime)
 60703 | Slime:5  | Identified the +5 scale mail "Taos" {Harm rPois Dex+2} (You
                  | found it on level 5 of the Pits of Slime)
 60722 | Slime:5  | Got a slimy rune of Zot
 60728 | Slime:5  | Identified the Almanac of the Damaging Arsonist
 61534 | Zot:1    | Entered Level 1 of the Realm of Zot
 61534 | Zot:1    | Found a transporter.
 61536 | Zot:1    | Noticed an orb of fire
 61540 | Zot:1    | Found a transporter.
 61542 | Zot:1    | Noticed an orb of fire
 61547 | Zot:1    | Noticed a dread lich
 61549 | Zot:1    | HP: 10/217 [yellow draconian monk (17)]
 61623 | Zot:1    | HP: 7/218 [death cob (19)]
 61624 | Zot:1    | HP: 3/218 [tentacled monstrosity (7)]
 61624 | Zot:1    | HP: 1/218 [tentacled monstrosity (2)]
 61624 | Zot:1    | Demolished by a death cob

Illustrated notes

Levels and vault maps discovered:
D:1:      amcnicky_arrival_blooded_trapdoor, layout_loops_cross, st_stairs_7,
          cheibriados_altar_1
D:2:      layout_loops_corners, minitemple, lemuel_blue_sif_altar, uniq_natasha
D:3:      layout_rooms, general_overflow_altar
D:4:      layout_loops_corners, nicolae_qazlal_eye_of_the_storm
D:5:      layout_cave_pods, uniq_ijyb
D:6:      layout_basic, minmay_temple_entry_nine_rooms, nicolae_water_bricks,
          uniq_blork_the_orc
D:7:      layout_loops_ring, amethyst_overflow_temple_binary, serial_glass,
          glass_columns_a, glass_columns_b, item_on_display_a,
          item_on_display_a, feat_on_display
D:8:      layout_loops_corners, nicolae_overflow_crystal_walls
D:9:      layout_irregular_city, erik_lair_orcish_takeover, minmay_door_square
D:10:     layout_grid_maze, kennysheep_generic_room_5, uniq_sonja, uniq_urug,
          uniq_joseph, uniq_josephine
D:11:     layout_gridville, david_orc_1_choice, basic_altar
D:12:     layout_long_grid, uniq_snorg
D:13:     layout_loops_ring, erik_vaults_2, enter_bailey_2,
          portal_ice_cave_entry_ice_beasts
D:14:     minmay_the_grid_triangle_9x9_line_8_mashed
          [minmay_the_grid_triangle_9x9_empty,
          minmay_the_grid_triangle_9x9_zippers_horizontal,
          minmay_the_grid_triangle_9x9_fully_insulated_deathbox,
          minmay_the_grid_triangle_9x9_warning,
          minmay_the_grid_triangle_9x9_sparse_checkered,
          minmay_the_grid_triangle_9x9_from_above,
          minmay_the_grid_triangle_9x9_limited_checkers,
          minmay_the_grid_triangle_9x9_prize_top_heavy], layout_rooms,
          infiniplex_staircase_zigzag_5, minivault_8
D:15:     grunt_enter_depths_hoard, layout_grid_maze, serial_shops,
          bzr_entry_road, uniq_kirke
Lair:1:   layout_cave_pods, st_stairs_5, serial_bayou_ford_a,
          minmay_lair_oklob_chamber, serial_bayou_shore_b, grunt_megastairs_4
Lair:2:   layout_regular_city, shoals_dummy_entry, lemuel_fruit_tree,
          grunt_megastairs_2
Lair:3:   layout_roguey, grunt_megastairs_3, lemuel_fruit_fields, uniq_nergalle
Lair:4:   layout_long_grid, spider_nest_entry_rubble, beast_lair_carwin_9
Lair:5:   layout_roguey, beast_lair_carwin_8
Lair:6:   hangedman_lair_caniforms_friends, layout_loops_ring,
          hangedman_lair_in_review, dpeg_slime_entry_corner
Shoals:1: layout_shoals, serial_shops, bzr_entry_lakeside
Shoals:2: layout_shoals, nicolae_shoals_siren_and_animal_friends, uniq_donald,
          uniq_nikola
Shoals:3: layout_shoals, uniq_polyphemus
Shoals:4: shoals_end_grunt_garden, layout_shoals
Spider:1: layout_spider_delve
Spider:2: layout_spider_delve, gammafunk_ghost_grave, nicolae_spider_cling_halls
Spider:3: layout_spider_delve
Spider:4: guppyfry_spider_rune
Slime:1:  layout_caves
Slime:2:  layout_caves
Slime:3:  layout_caves, nicolae_slime_barrier
Slime:4:  layout_caves
Slime:5
Orc:1:    layout_caves, basic_altar, mines2_david
Orc:2:    pubby_orc_utopia, uniq_jorgrun
Elf:1:    minmay_elf_arrival_circle, layout_gridlike, hangedman_elf_disciples,
          uniq_louise
Elf:2:    layout_rooms, minmay_checkered_concentric_circles, minmay_shop_grove
Elf:3:    grunt_elf_hall_diamonds, layout_geoelf_castle
Vaults:1: nicolae_vaults_triangles, ontoclasm_vaults_gallery,
          hangedman_vaults_cutoff, hangedman_vaults_corner_blocks,
          nicolae_vaults_yaktaur_gun_rack, nicolae_vaults_alarming, v_misc_2,
          ontoclasm_vaults_hangar, v_misc_14, v_pattern_5,
          layout_vaults_omnibox, serial_shops,
          nicolae_shop_competitors_out_of_business
Vaults:2: hangedman_vaults_restitches, minmay_crypt_entry_nasty_monster,
          ontoclasm_vaults_ligature, nicolae_vaults_little_squares_1,
          ontoclasm_vaults_gateway, layout_vaults_omnigrid, uniq_saint_roka
Vaults:3: nicolae_vaults_network_quincunx
          [nicolae_vaults_network_quincunx_subvault,
          nicolae_vaults_network_quincunx_subvault,
          nicolae_vaults_network_quincunx_subvault,
          nicolae_vaults_network_quincunx_subvault,
          nicolae_vaults_network_quincunx_subvault], v_alt_pattern_4,
          nicolae_vaults_little_squares_5, vaults_mumra_hexcomb, v_pattern_1,
          ontoclasm_vaults_chip, v_misc_3, v_alt_pattern_4, grunt_vaults_twisty,
          grunt_vaults_focal, layout_vaults_maze, basic_altar
Vaults:4: nicolae_vaults_asterisk, v_misc_13, nicolae_vaults_ninety_degrees,
          vaults_room_corners, hangedman_vaults_cutoff, v_misc_18,
          vaults_room_corners, vaults_room_guarded_vault,
          layout_vaults_chaotic_city, serial_shops, nicolae_shop_waterfront,
          shop
Crypt:1:  layout_gridlike, ebering_ghost_inner_flame, st_stairs_9,
          evilmike_ambush [evilmike_ambush_outer_basic,
          evilmike_ambush_inner_basic], uniq_aizul
Depths:1: layout_gridlike, dk_noncrumbling_2, nicolae_trove_entry_path_of_doom,
          pf_coc_iceberg, kennysheep_nondescript, solitary_fountain,
          kennysheep_underground_church, uniq_sojobo
Depths:2: lemuel_castle_with_subvaults [lemuel_castle_interior_carwin_1],
          layout_basic, serial_shops, shop, hellmouth_3,
          chequers_serial_rivers_small_b, minmay_staircase_bubble, uniq_mara
Depths:3: gammafunk_depths_water_palace, layout_cave_pools, serial_column_ruins,
          column_ruins_square_medium, column_ruins_hut_pillars,
          column_ruins_grid_1, column_ruins_open_tiny,
          column_ruins_columns_straight, column_ruins_grid_1, pan_entry,
          infiniplex_staircase_hallway_doors, hell_entry, abyss_entry_glasseish,
          onia_ninara_dug_in_and_dangerous
Depths:4: cell_vault, layout_basic, abyss_entry_small_statue_room,
          gammafunk_ghost_arena, grunt_hell_entry_dis_grunt, serial_curves,
          eino_curves_02, eino_curves_01, infiniplex_staircase_spiral
Depths:5: evilmike_zot_entry_diamond, layout_cave_pools, enter_ziggurat_f,
          lightli_too_deep, chequers_serial_rivers_room_a, uniq_mennas,
          uniq_xtahua
Zot:1:    gammafunk_the_bubble [the_bubble_gammafunk_roulette],
          layout_onion_interference

Skill      XL: |  1  2  3  4  5  6  7  8  9 10 11 12 13 14 15 16 17 18 19 20 21 22 23 24 25 26 27 |
---------------+----------------------------------------------------------------------------------+-----
Axes           | 4 5 6 7 8 10 12 15 17 19 20 | 20.0
Throwing       | 3 6 9 10 11 | 11.8
Armour         | 3 5 6 7 10 13 15 16 18 | 18.1
Dodging        | 3 5 6 7 10 13 15 16 18 | 18.1
Shields        | 2 6 8 12 15 | 15.0
Fighting       | 4 5 6 9 10 11 13 16 18 | 18.2
Evocations     | 5 8 10 13 15 18 | 18.5
Crossbows      | 8 10 | 10.0

Action                   |  1- 3 |  4- 6 |  7- 9 | 10-12 | 13-15 | 16-18 | 19-21 | 22-24 | 25-27 || total
-------------------------+-------+-------+-------+-------+-------+-------+-------+-------+-------++-------
Melee: Hand axe          |   105 |   217 |       |       |       |       |       |       |       ||   322
       War axe           |       |    33 |   332 |    54 |       |       |       |       |       ||   419
       Battleaxe         |       |       |       |   368 |    67 |       |       |       |       ||   435
       Broad axe         |       |       |       |       |   920 |  1448 |  1410 |  1335 |  1635 ||  6748
       Scimitar          |       |       |       |       |    66 |    10 |    34 |       |       ||   110
 Fire: Hunting sling     |       |     3 |       |       |       |       |       |       |       ||     3
       Hand crossbow     |       |       |       |       |       |       |   119 |   252 |   199 ||   570
Throw: Dart              |       |     4 |     8 |    12 |     2 |     3 |       |       |       ||    29
       Javelin           |       |       |       |       |     9 |    84 |     1 |       |       ||    94
       Throwing net      |       |       |       |       |       |     2 |     3 |       |     1 ||     6
Invok: Berserk           |     3 |     4 |     6 |    17 |    12 |     6 |     4 |     5 |     2 ||    59
       Trog's Hand       |       |     2 |     1 |     4 |     6 |     5 |     3 |     2 |     4 ||    27
       Brothers in Arms  |       |       |       |     8 |     4 |     3 |       |     6 |    14 ||    35
Evoke: Wand              |       |       |       |     4 |     5 |    23 |     6 |    56 |     4 ||    98
       Condenser vane    |       |       |       |       |       |     1 |     3 |     1 |     1 ||     6
       Tin of tremorston |       |       |       |       |       |       |     7 |    12 |     6 ||    25
       Phantom mirror    |       |       |       |       |       |       |       |     2 |     2 ||     4
       Box of beasts     |       |       |       |       |       |       |       |     1 |     1 ||     2
       Lightning rod     |       |       |       |       |       |       |       |     3 |       ||     3
  Use: Scroll            |       |       |       |    14 |    11 |    11 |     8 |    28 |    13 ||    85
       Potion            |       |       |       |       |     1 |     8 |     6 |    13 |    13 ||    41
 Stab: Paralysed         |       |       |       |       |       |     6 |       |       |       ||     6
       Distracted        |       |       |       |       |       |       |     1 |     6 |       ||     7
       Invisible         |       |       |       |       |       |       |       |     3 |       ||     3
Armor: Animal skin       |    12 |       |       |       |       |       |       |       |       ||    12
       Chain mail        |    51 |   156 |   179 |    41 |       |   434 |   245 |   252 |       ||  1358
       Plate armour      |       |       |       |   207 |   596 |    62 |       |       |       ||   865
       Crystal plate arm |       |       |       |       |       |       |       |   136 |   715 ||   851
Dodge: Dodged            |    59 |    95 |   130 |   132 |   483 |   660 |   573 |   700 |   703 ||  3535
Block: Buckler           |       |       |       |       |    35 |       |       |   103 |   949 ||  1087
       Kite shield       |       |       |       |       |   410 |   905 |   709 |   795 |       ||  2819
       Reflection        |       |       |       |       |       |       |       |    67 |    44 ||   111
       Rpst.: Scimitar   |       |       |       |       |     8 |     4 |     3 |       |       ||    15

Table legend: (Time is in decaauts)
 A = Elapsed time spent in this place.
 B = Non-inter-level travel time spent in this place.
 C = Inter-level travel time spent in this place.
 D = Time resting spent in this place.
 E = Time spent auto-exploring this place.
 F = Levels seen in this place.
 G = Mean time per level.
                   A        B        C        D        E       F      G
               +--------+--------+--------+--------+--------+-----+--------+
         Total |  60788 |  53451 |   7337 |   7784 |  30034 |  54 | 1125.7 |
       Dungeon |  16252 |  14002 |   2250 |   1086 |   9465 |  15 | 1083.5 |
          Lair |   7783 |   6462 |   1321 |    665 |   4279 |   6 | 1297.2 |
        Shoals |   5234 |   4667 |    567 |    765 |   2435 |   4 | 1308.5 |
   Spider Nest |   5109 |   4305 |    804 |    758 |   1915 |   4 | 1277.2 |
    Slime Pits |   1824 |   1619 |    205 |    338 |    360 |   5 |  364.8 |
  Orcish Mines |   2883 |   2206 |    677 |    176 |   1394 |   2 | 1441.5 |
   Elven Halls |   4950 |   4791 |    159 |   1133 |   2370 |   3 | 1650.0 |
        Vaults |   6676 |   6183 |    493 |   1092 |   3526 |   4 | 1669.0 |
         Crypt |      1 |      1 |      0 |      0 |      0 |   1 |    1.0 |
        Depths |   8878 |   8020 |    858 |   1449 |   4032 |   5 | 1775.6 |
           Zot |     79 |     79 |      0 |      0 |      0 |   1 |   79.0 |
        Bazaar |    160 |    160 |      0 |      0 |     54 |   2 |   80.0 |
         Trove |     56 |     56 |      0 |      0 |      0 |   1 |   56.0 |
      Ice Cave |    895 |    895 |      0 |    319 |    201 |   1 |  895.0 |
               +--------+--------+--------+--------+--------+-----+--------+

Top non-repeatable levels by time:
Depths:4: 2605 daAuts
   Orc:2: 2245 daAuts
   Elf:3: 2085 daAuts
Vaults:2: 1951 daAuts
Vaults:4: 1892 daAuts
Depths:2: 1832 daAuts
   Elf:1: 1827 daAuts
Shoals:2: 1804 daAuts
Depths:1: 1794 daAuts
Spider:1: 1693 daAuts
Depths:3: 1633 daAuts
  Lair:6: 1553 daAuts
  Lair:1: 1522 daAuts
Vaults:3: 1501 daAuts
Spider:4: 1482 daAuts
